AoeStats
← Charlie4Days

Arabia

508165430Analyzed
1v1 RM · 11d ago on Sep 21, 2026· 27m 3s· 2 players
Game mode
Random Map
Map size
Tiny (2 player)
Population
200
Speed
Normal
Resources
Standard
Victory
Conquest
Starting age
Dark Age
Ending age
Imperial Age
RankedLock teamsTeams togetherTeam positionsShared explorationLock speedFull tech treeHidden civsTurbo modeCheats
Victory
Defeat
🇦🇺 Burgundians · Australia
693
+10
🇳🇿 Byzantines · New Zealand
561
-10
Swivella
6:42 Loom
11:42 Feudal Age
12:12 Double-Bit Axe
23:46 Castle Age
23:00 Forging
26:09 Squires
Charlie4Days
9:09 Loom
10:56 Feudal Age
11:33 Horse Collar
11:41 Double-Bit Axe
17:49 Castle Age
17:26 Scale Barding Armor
18:07 Wheelbarrow
17:54 Cavalier
19:41 Husbandry
22:45 Gold Mining
Connection lost

Rejoining the realm…

Still unreachable

The connection could not be restored.

Session expired

The server has moved on; the page needs a fresh start.